 Dungeon Crawl Stone Soup version 0.31-a0-705-ga145531891 (webtiles) character file.

Game seed: 10628563860144982226

549 Bravepunisher the Nimble (level 7, -1/38 HPs)
             Began as a Spriggan Monk on Sept 9, 2023.
             Slain by an ice beast (4 damage)
             ... on level 6 of the Dungeon.
             The game lasted 00:09:12 (1685 turns).

Bravepunisher the Nimble (Spriggan Monk)            Turns: 1685, Time: 00:09:13

Health: -1/38      AC:  2    Str:  7    XL:     7   Next: 7%
Magic:  8/8        EV: 32    Int: 11    God:
Gold:   86         SH:  0    Dex: 26    Spells: 6/6 levels left

rFire   . . .        f - +1 dagger (venom)
rCold   . . .        d - orb {light}
rNeg    . . .        b - +0 robe
rPois   .            (helmet restricted)
rElec   .            (no cloak)
rCorr   .            (gloves unavailable)
SInv    +            (boots unavailable)
Will    ++...        (no amulet)
Stlth   +            j - +6 ring of dexterity
HPRegen 0.26/turn    l - +5 ring of evasion
MPRegen 0.11/turn

%: no passive effects
@: glowing, very quick
A: very small, no large weapons, unfitting armour, see invisible, speed 3,
hooves 1, strong-willed 1, wild magic 1
a: no special abilities


You were on level 6 of the Dungeon.
You visited 2 branches of the dungeon, and saw 9 of its levels.

You collected 86 gold pieces.

Inventory:

Hand Weapons
 f - a +1 dagger of venom (weapon)
Armour
 b - a +0 robe (worn)
 d - an orb of light (worn)
Jewellery
 c - an amulet of faith
 h - a ring of protection from cold
 j - a +6 ring of dexterity (left hand)
 l - a +5 ring of evasion (right hand)
Scrolls
 a - a scroll of amnesia
 n - a scroll of identify
Potions
 k - 2 potions of lignification


   Skills:
 + Level 4.3 Fighting
 - Level 3.2 Short Blades
 * Level 9.0 Dodging


You had 6 spell levels left.
You didn't know any spells.
Your spell library was empty.

Dungeon Overview and Level Annotations

Branches:
Dungeon (8/15)             Temple (1/1) D:5
   Lair: D:8-11

Altars:
Ashenzari
Cheibriados
Dithmenos
Elyvilon
Fedhas
Gozag
Hepliaklqana
Kikubaaqudgha
Qazlal
Ru
Sif Muna
Trog
Uskayaw
Wu Jian
Xom
Yredelemnul
Zin
The Shining One

Annotations:
D:4 2 runed translucent doors, cforsyth's ghost, amateur DjCK
D:5 Edmund


Innate Abilities, Weirdness & Mutations

You are very small and have problems with some larger weapons.
You are too small for most types of armour.
You have supernaturally acute eyesight. (SInv)
You cover ground extremely quickly. (Speed+++)
You have large cloven feet.
You are strong-willed. (Will+)
Your spells are a little harder to cast, but a little more powerful.


Message History

The water moccasin is lightly wounded.
The water moccasin completely misses you.
You hit the water moccasin.
The water moccasin looks as sick as possible!
The water moccasin is moderately wounded.
The water moccasin completely misses you.
The water moccasin bites you.
You are poisoned.
The water moccasin poisons you!
You hit the water moccasin.
The water moccasin looks as sick as possible!
You kick the water moccasin, but do no damage.
The water moccasin is heavily wounded.
You feel very sick.
The water moccasin completely misses you.
You hit the water moccasin. Your kick misses the water moccasin.
The water moccasin is severely wounded.
You feel sick. The water moccasin closely misses you.
You hit the water moccasin.
You kill the water moccasin!
You feel sick.
Your Dodging skill increases to level 9!
You have reached level 7!
You feel sick.
You feel sick.
You feel sick.
You feel sick.
You feel sick.
You feel sick.
You are no longer poisoned.
An ice beast is nearby!
The ice beast completely misses you.
You hit the ice beast.
The ice beast is lightly wounded.
The ice beast hits you. The ice beast freezes you!
* * * LOW HITPOINT WARNING * * *
You hit the ice beast but do no damage. You kick the ice beast.
The ice beast is lightly wounded.
The ice beast hits you.
You die...

#.#....###...###....#S#
#S#..###.#####.###..#.#
#.####....#.#b...####.#
#.#......##.##.bbbb.#.#
#.#......#...#.bb.SO#.#
#.......##...##bbb.S..#
##......#.....#.bb.S.##
#......#†....#.bb..h#
#....Y@....##########
############


You could see an ice beast.

Vanquished Creatures
  A water moccasin (D:6)
  A centaur (D:6)
  2 kobold brigands (D:4)
  A scorpion (D:4)
  A hound (D:6)
  2 iguanas (D:4)
  3 gnolls (D:4)
  2 adders (D:4)
  A dart slug (D:4)
  4 orcs
  2 bats
  An endoplasm (D:4)
  3 giant cockroaches (D:4)
  A goblin (D:4)
  4 hobgoblins
  A quokka (D:1)
  A ball python (D:4)
  4 kobolds
  3 rats
38 creatures vanquished.

Vanquished Creatures (others)
  A butterfly (D:5)
1 creature vanquished.

Grand Total: 39 creatures vanquished

Notes
Turn   | Place    | Note
-------+----------+-------------------------------------------
     0 | D:1      | Bravepunisher the Spriggan Monk began the quest for the
                  | Orb.
     0 | D:1      | Reached XP level 1. HP: 11/11 MP: 2/2
   280 | D:2      | Reached XP level 2. HP: 16/16 MP: 3/3
   358 | D:4      | Identified the +1 robe "Norgh" {rF- Int+5 Dex+2}
   394 | D:4      | Reached skill level 5 in Dodging
   394 | D:4      | Reached XP level 3. HP: 19/19 MP: 4/4
   409 | D:4      | Found a runed translucent door.
   409 | D:4      | Noticed cforsyth's ghost (amateur DjCK)
   468 | D:4      | Found a runed translucent door.
   487 | D:5      | Entered Level 5 of the Dungeon
   518 | D:4      | Noticed a scorpion
   546 | D:4      | Killed a scorpion
   547 | D:4      | Reached skill level 6 in Dodging
   547 | D:4      | Reached XP level 4. HP: 24/24 MP: 5/5
   583 | D:4      | Noticed a kobold brigand
   917 | D:4      | Noticed a black bear
  1077 | D:4      | Noticed a kobold brigand
  1102 | D:4      | Reached XP level 5. HP: 22/28 MP: 6/6
  1116 | D:4      | Reached skill level 7 in Dodging
  1124 | D:4      | Reached XP level 6. HP: 26/33 MP: 7/7
  1127 | D:4      | Reached skill level 8 in Dodging
  1171 | D:5      | Noticed an ice beast
  1176 | D:5      | Found a glowing silver altar of Zin.
  1193 | D:5      | Found a white marble altar of Elyvilon.
  1193 | D:5      | Noticed Edmund
  1235 | D:5      | Found a staircase to the Ecumenical Temple.
  1242 | Temple   | Entered the Ecumenical Temple
  1294 | D:6      | Noticed an ice beast
  1364 | D:6      | Noticed an ice beast
  1407 | D:7      | Noticed a steam dragon
  1445 | D:7      | Noticed a wraith
  1468 | D:7      | Found a glowing golden altar of the Shining One.
  1521 | D:6      | Noticed a water moccasin
  1579 | D:6      | Found a broken altar of Ashenzari.
  1605 | D:6      | Gained mutation: You have large cloven feet. [potion of
                  | mutation]
  1605 | D:6      | Gained mutation: You are strong-willed. (Will+) [potion of
                  | mutation]
  1605 | D:6      | Gained mutation: Your spells are a little harder to cast,
                  | but a little more powerful. [potion of mutation]
  1629 | D:6      | Noticed a water moccasin
  1675 | D:6      | Killed a water moccasin
  1676 | D:6      | Reached skill level 9 in Dodging
  1676 | D:6      | Reached XP level 7. HP: 21/38 MP: 8/8
  1685 | D:6      | Slain by an ice beast

Illustrated notes

Levels and vault maps discovered:
D:1:      nicolae_arrival_somewhat_less_tricky_arrival, layout_rooms,
          minmay_heptomino_h4
D:2:      cheibrodos_pilgrimage, layout_rooms, minmay_misc_feat_chi,
          minivault_24, item_on_display_a, uniq_natasha
D:3:      layout_loops_ring, nicolae_vehumet_altar_sigil,
          chequers_serial_rivers_room_b, grunt_ministairs_14
D:4:      cheibrodos_thug_alley, layout_basic, ebering_ghost_sewer_f,
          wad_orctagon
D:5:      layout_rooms, nemelex_dance_club_becter,
          nicolae_elyvilon_peaceful_grove, lemuel_crystal_altar,
          minmay_temple_entry_junction_2, uniq_edmund
D:6:      layout_basic, nicolae_ashenzari_panopticon
D:7:      layout_basic, nicolae_tso_swordbearing_angel
D:8:      layout_basic, minmay_misc_feat_ornament
Temple:   nicolae_temple_ecumenical_triangle

Skill      XL: |  1  2  3  4  5  6 |
---------------+-------------------+-----
Dodging        | 5 6 7 9 |  9.0
Fighting       | 3 4 |  4.3
Short Blades   | |  3.2

Action                     |  1- 3 |  4- 6 |  7- 9 || total
---------------------------+-------+-------+-------++-------
  Melee: Short sword       |    50 |    69 |       ||   119
         Dagger            |       |    27 |     2 ||    29
         Kick              |       |     3 |     1 ||     4
    Use: Potion            |     4 |     2 |       ||     6
         Scroll            |       |     4 |       ||     4
 Armour: Robe              |     4 |    15 |     2 ||    21
         Skin              |     9 |     1 |       ||    10
  Dodge: Dodged            |    43 |   150 |     1 ||   194

Table legend: (Time is in decaauts)
 A = Elapsed time spent in this place.
 B = Non-inter-level travel time spent in this place.
 C = Inter-level travel time spent in this place.
 D = Time resting spent in this place.
 E = Time spent auto-exploring this place.
 F = Levels seen in this place.
 G = Mean time per level.
                   A        B        C        D        E       F      G
               +--------+--------+--------+--------+--------+-----+--------+
         Total |   1119 |   1051 |     68 |     31 |    365 |   9 |  124.3 |
       Dungeon |   1111 |   1043 |     68 |     31 |    365 |   8 |  138.9 |
        Temple |      7 |      7 |      0 |      0 |      0 |   1 |    7.0 |
               +--------+--------+--------+--------+--------+-----+--------+

Top non-repeatable levels by time:
     D:4: 545 daAuts
     D:6: 162 daAuts
     D:1: 142 daAuts
     D:5: 94 daAuts
     D:7: 84 daAuts
     D:2: 46 daAuts
     D:3: 33 daAuts
  Temple: 7 daAuts
     D:8: 2 daAuts
